 Dungeon Crawl Stone Soup version 0.27.1-3-gb3d3a73c9e (webtiles) character file.

Game seed: 6442317946134877060

1702 curiousnu the Grappler (level 8, -8/56 (58) HPs)
             Began as a Demonspawn Gladiator on Oct 18, 2021.
             Mangled by a wight (10 damage)
             ... on level 6 of the Dungeon.
             The game lasted 00:17:43 (5200 turns).

curiousnu the Grappler (Demonspawn Gladiator)       Turns: 5200, Time: 00:17:44

HP:   -8/56 (58)    AC:  5    Str: 16    XL:     8   Next: 73%
MP:   8/8           EV: 18    Int: 11    God:
Gold: 144           SH:  0    Dex: 18    Spells: 7/7 levels left

rFire    . . .     SeeInvis .     - Unarmed
rCold    + . .     Faith    .   (no shield)
rNeg     . . .     Spirit   .   i - +0 leather armour of Icala {rC+ Int+2 Dex+4}
rPois    .         Reflect  .   (helmet restricted)
rElec    .         Harm     .   (no cloak)
rCorr    .         Rampage  .   (gloves unavailable)
Will     .....                  (no boots)
Stlth    +.........             m - amulet of regeneration
HPRegen  1.18/turn              f - +4 ring of evasion
MPRegen  0.11/turn              (no ring)

@: mighty, lightly drained
A: antennae 1, claws 3, hooves 2, powered by death 1, iridescent scales 1, dopey
1, wild magic 1
a: no special abilities


You were on level 6 of the Dungeon.
You visited 1 branch of the dungeon, and saw 7 of its levels.

You collected 144 gold pieces.

Inventory:

Hand Weapons
 a - a +0 war axe of flaming
Missiles
 d - 13 poisoned darts (quivered)
Armour
 g - a +1 ring mail of fire resistance
 i - the +0 leather armour of Icala (worn) {rC+ Int+2 Dex+4}
   (You found it on level 5 of the Dungeon)

   Int:       It affects your intelligence (+2).
   Dex:       It affects your dexterity (+4).
   rC:        It protects you from cold.
Jewellery
 f - a +4 ring of evasion (left claw)
 k - a ring of flight
 m - an amulet of regeneration (around neck)
 s - a ring of magical power
Wands
 n - a wand of flame (13)
Scrolls
 c - a scroll of fear {unknown}
 e - a scroll of magic mapping
 h - a scroll of identify
 j - a scroll of vulnerability {unknown}
 q - a scroll of enchant weapon {unknown}
 r - a scroll of fog {unknown}
 t - a scroll of teleportation
Potions
 l - a potion of brilliance
 o - 2 potions of attraction


   Skills:
 + Level 3.0 Fighting
 - Level 3.0 Axes
 + Level 2.0 Throwing
 + Level 3.7 Armour
 + Level 4.5 Dodging
 * Level 8.1 Unarmed Combat


You had 7 spell levels left.
You didn't know any spells.
Your spell library contained the following spells:

 Spells                   Type           Power      Damage    Failure   Level
 Call Canine Familiar     Summ           0%         N/A       83%         3
 Portal Projectile        Hex/Tloc       0%         N/A       83%         3
 Summon Guardian Golem    Hex/Summ       0%         N/A       83%         3
 Leda's Liquefaction      Hex/Erth       0%         N/A       99%         4
 Orb of Destruction       Conj           0%         N/A       100%        7
 Spellforged Servitor     Conj/Summ      0%         N/A       100%        7


Dungeon Overview and Level Annotations

Branches:
Dungeon (7/15)
 Temple: D:4-7

Altars:
Gozag
Kikubaaqudgha
Qazlal
Xom


Innate Abilities, Weirdness & Mutations

You have a pair of small antennae on your head.
You have claws for hands.
You have hoof-like feet.
You regenerate a little health from kills.
You are partially covered in iridescent scales. (AC +2)
You are dopey. (Int -2)
Your spells are a little harder to cast, but a little more powerful.


Message History

Your kick misses the wight.
The wight is severely damaged.
The wight hits you with a +0 morningstar!
You barely miss the wight. You kick the wight.
You destroy the wight!
The wight completely misses you.
The wight hits you from afar with a +0 halberd!
You feel drained.
Your life force feels restored.
You are no longer corroded.
The wight barely misses you.
The wight hits you from afar with a +0 halberd.
* * * LOW HITPOINT WARNING * * *
Things that are here:
a +0 morningstar; a +0 robe You scratch the wight.
You kick the wight.
The wight is moderately damaged.
The wight misses you. The wight hits you with a +0 battleaxe!
* * * LOW HITPOINT WARNING * * *
You claw the wight! You kick the wight, but do no damage.
The wight is almost destroyed.
The wight completely misses you. The wight barely misses you.
It was a potion of cancellation.
You feel magically purged. The wight misses you. The wight barely misses you.
You feel very mighty all of a sudden. The wight misses you. x2
You barely miss the wight. Your kick misses the wight.
The wight is almost destroyed.
The wight closely misses you. The wight misses you.
You closely miss the wight.
The wight is almost destroyed.
The wight barely misses you.
The wight hits you from afar with a +0 halberd!
* * * LOW HITPOINT WARNING * * *
You feel drained.
* * * LOW HITPOINT WARNING * * *
You closely miss the wight. Your kick misses the wight.
The wight is almost destroyed.
The wight hits you from afar with a +0 halberd!
You die...

##...### ..# ##......
.... #............
##......#..#.. ###
###.......#..... #..#
#..............#
##...# #.............#
#.$...###.....@.z.....
#..............z...#..
##.................. .
#................... .
###.....[...........
....
###...###........$..
..(..
#E#...#E#..##.......
......
#.###...###..#........
......
#..................<>
......


You could see 2 wights.

Vanquished Creatures
  Sigmund (D:4)
  An ice beast (D:5)
  3 black bears (D:6)
  2 ogres (D:4)
  A centaur (D:6)
  A phantom (D:4)
  A kobold brigand (D:5)
  A water moccasin zombie (D:5)
  A scorpion (D:5)
  A wight (D:6)
  A bullfrog zombie (D:5)
  3 hounds
  An orc priest (D:3)
  2 jellies
  An iguana (D:4)
  2 orc wizards (D:5)
  Natasha (twice) (D:4)
  A hound zombie (D:5)
  A howler monkey zombie (D:5)
  Robin (D:3)
  11 adders
  3 shadow imps
  5 worms
  A dart slug (D:4)
  20 orcs
  4 endoplasms
  3 giant cockroaches
  5 hobgoblins
  2 jackals (D:4)
  13 kobolds
  5 ball pythons
  5 bats
  A frilled lizard (D:2)
  14 goblins
  6 rats
126 creatures vanquished.

Notes
Turn   | Place    | Note
-------+----------+-------------------------------------------
     0 | D:1      | curiousnu the Demonspawn Gladiator began the quest for the
                  | Orb.
     0 | D:1      | Reached XP level 1. HP: 16/16 MP: 1/1
   315 | D:1      | Gained mutation: You have sharp fingernails. [demonic
                  | ancestry]
   315 | D:1      | Reached XP level 2. HP: 22/22 MP: 2/2
   405 | D:1      | Found a faded altar of an unknown god.
  1452 | D:2      | Reached skill level 1 in Unarmed Combat
  1742 | D:2      | Gained mutation: You regenerate a little health from kills.
                  | [demonic ancestry]
  1742 | D:2      | Reached XP level 3. HP: 27/27 MP: 3/3
  1809 | D:3      | Reached skill level 1 in Armour
  1809 | D:3      | Reached skill level 2 in Unarmed Combat
  1809 | D:3      | Gained mutation: You have very sharp fingernails. [demonic
                  | ancestry]
  1809 | D:3      | Reached XP level 4. HP: 34/34 MP: 4/4
  1882 | D:3      | Noticed Robin
  1897 | D:3      | Killed Robin
  2253 | D:3      | Reached XP level 5. HP: 39/39 MP: 5/5
  2604 | D:4      | Found an opulent altar of Gozag.
  2640 | D:4      | Reached skill level 3 in Unarmed Combat
  2649 | D:5      | Entered Level 5 of the Dungeon
  2803 | D:4      | Noticed Natasha
  2807 | D:4      | Killed Natasha
  2808 | D:4      | Gained mutation: You have claws for hands. [demonic
                  | ancestry]
  2808 | D:4      | Reached XP level 6. HP: 41/46 MP: 6/6
  2820 | D:4      | Reached skill level 4 in Unarmed Combat
  2843 | D:4      | Found an ancient bone altar of Kikubaaqudgha.
  3352 | D:4      | Noticed Natasha
  3360 | D:4      | Killed Natasha
  3361 | D:4      | Reached skill level 5 in Unarmed Combat
  3404 | D:4      | Gained mutation: You have large cloven feet. [demonic
                  | ancestry]
  3404 | D:4      | Reached XP level 7. HP: 36/51 MP: 7/7
  3417 | D:4      | Found a shimmering altar of Xom.
  3670 | D:4      | Noticed Sigmund
  3685 | D:4      | Killed Sigmund
  3825 | D:5      | Reached skill level 6 in Unarmed Combat
  3870 | D:4      | Gained mutation: Armour fits poorly on your strangely
                  | shaped body. [potion of mutation]
  3870 | D:4      | Gained mutation: Your mind is acute. (Int +2) [potion of
                  | mutation]
  4247 | D:5      | Identified the +0 leather armour of Icala {rC+ Int+2 Dex+4}
  4433 | D:5      | Gained mutation: You have a pair of small antennae on your
                  | head. [demonic ancestry]
  4433 | D:5      | Reached XP level 8. HP: 52/57 MP: 8/8
  4682 | D:5      | Reached skill level 7 in Unarmed Combat
  4789 | D:6      | Noticed an air elemental
  4922 | D:6      | HP: 2/57 [black bear (6)]
  5020 | D:6      | Lost mutation: Armour fits poorly on your strangely shaped
                  | body. [potion of mutation]
  5020 | D:6      | Lost mutation: Your mind is acute. (Int +2) [potion of
                  | mutation]
  5020 | D:6      | Gained mutation: You are dopey. (Int -2) [potion of
                  | mutation]
  5020 | D:6      | Gained mutation: You are partially covered in iridescent
                  | scales. (AC +2) [potion of mutation]
  5020 | D:6      | Gained mutation: You have hoof-like feet. [potion of
                  | mutation]
  5020 | D:6      | Gained mutation: Your spells are a little harder to cast,
                  | but a little more powerful. [potion of mutation]
  5076 | D:6      | Reached skill level 8 in Unarmed Combat
  5160 | D:6      | Found a stormy altar of Qazlal.
  5199 | D:6      | HP: 1/56 [wight (3)]
  5200 | D:6      | Mangled by a wight

Illustrated notes

Levels and vault maps discovered:
D:1:      dpeg_arrival_leaves_temple_mockup, layout_loops_ring,
          shapermc_ecumenical_altar_notcrosses, kennysheep_nondescript,
          minmay_pentomino_r2
D:2:      layout_basic
D:3:      layout_basic, interstate_on_off, grunt_ministairs_1,
          chequers_serial_rivers_micro_b, uniq_robin
D:4:      layout_layer_cave, mainiacjoe_overflow_24_doors,
          lemuel_coloured_pillars_altar, mainiacjoe_overflow_six_doors_small,
          minmay_misc_feat_rows, uniq_natasha, uniq_sigmund
D:5:      layout_basic
D:6:      layout_cave_pools, nicolae_qazlal_style_of_elements
D:7:      layout_loops_cross, elyvilon_altar_3,
          grunt_temple_overflow_order_and_chaos_2, temple_statues,
          minmay_chambers_of_fives, uniq_maggie

Skill      XL: |  1  2  3  4  5  6  7  8 |
---------------+-------------------------+-----
Axes           | 3 |  3.0
Dodging        | 3 4 |  4.5
Unarmed Combat | 1 2 3 5 6 8 |  8.1
Armour         | 1 2 3 |  3.7
Throwing       | 2 |  2.0
Fighting       | 3 |  3.0

Action                   |  1- 3 |  4- 6 |  7- 9 || total
-------------------------+-------+-------+-------++-------
Melee: War axe           |    17 |       |       ||    17
       Unarmed           |   124 |   211 |   139 ||   474
       Punch             |     1 |     2 |     7 ||    10
       Kick              |       |       |    48 ||    48
Throw: Throwing net      |       |     2 |     1 ||     3
       Dart              |       |       |     6 ||     6
  Use: Scroll            |       |       |    11 ||    11
       Potion            |       |       |     4 ||     4
 Stab: Held in net/web   |       |     1 |       ||     1
Armor: Leather armour    |     1 |       |     8 ||     9
       Ring mail         |    60 |    71 |    13 ||   144
Dodge: Dodged            |   148 |   195 |   137 ||   480
